 Dungeon Crawl Stone Soup version 0.29.1-15-g9cfb28693d (webtiles) character file.

Game seed: 15172037141249954873

595 protoss039 the Digger (level 7, 35/52 HPs)
             Began as a Demonspawn Earth Elementalist on Mar 3, 2023.
             Got out of the dungeon alive.
             The game lasted 00:07:31 (4031 turns).

protoss039 the Digger (DsEE)                        Turns: 4031, Time: 00:07:32

Health: 35/52      AC:  9    Str: 14    XL:     7   Next: 17%
Magic:  12/12      EV: 11    Int: 19    God:
Gold:   205        SH:  4    Dex: 13    Spells: 7/13 levels left

rFire   + . .      SeeInvis +   o - +1 whip (venom)
rCold   . . .      Faith    .   m - +0 buckler
rNeg    . . .      Spirit   .   d - +1 ring mail {rF+}
rPois   .          Reflect  .   f - +0 helmet
rElec   .          Harm     .   e - +0 cloak
rCorr   .          Rampage  .   (no gloves)
Will    .....                   q - +0 pair of boots
Stlth   +.........              v - amulet of the acrobat
HPRegen 0.17/turn               l - ring of see invisible
MPRegen 0.26/turn               r - +6 ring of strength

@: no status effects
A: ignite blood 1, magic regeneration, sturdy frame 1, demonic touch 1
a: no special abilities


You escaped.
You visited 1 branch of the dungeon, and saw 5 of its levels.

You collected 205 gold pieces.

Inventory:

Hand Weapons
 o - a +1 whip of venom (weapon)
Armour
 a - a +2 scale mail of cold resistance
 d - a +1 ring mail of fire resistance (worn)
 e - a +0 cloak (worn)
 f - a +0 helmet (worn)
 m - a +0 buckler (worn)
 q - a +0 pair of boots (worn)
Jewellery
 l - a ring of see invisible (left hand)
 r - a +6 ring of strength (right hand)
 v - an amulet of the acrobat (around neck)
Wands
 x - a wand of light (3)
 y - a wand of flame (23)
Scrolls
 i - a scroll of teleportation
 j - a scroll of summoning
 k - a scroll of identify
 t - a scroll of enchant weapon {unknown}
Potions
 b - 2 potions of magic
 c - a potion of might {unknown}
 g - 2 potions of haste
 h - 2 potions of cancellation
 n - 2 potions of mutation
 p - a potion of invisibility {unknown}
 s - a potion of lignification {unknown}
 u - 2 potions of curing
 w - a potion of resistance {unknown}
 z - a potion of heal wounds {unknown}
 A - a potion of ambrosia {unknown}
 B - a potion of brilliance {unknown}


   Skills:
 + Level 3.0 Fighting
 * Level 2.7 Armour
 - Level 1.7 Dodging
 - Level 1.7 Stealth
 + Level 2.1 Shields
 + Level 3.5 Spellcasting
 + Level 2.5 Conjurations
 - Level 0.8 Transmutations
 + Level 4.0 Earth Magic


You had 7 spell levels left.
You knew the following spells:

 Your Spells              Type           Power      Damage    Failure   Level
a - Sandblast             Erth           36%        2d10      5%          1
b - Passwall              Tmut/Erth      10%        N/A       16%         2
c - Stone Arrow           Conj/Erth      30%        3d8       22%         3

Your spell library contained the following spells:

 Spells                   Type           Power      Damage    Failure   Level
 Beastly Appendage        Tmut           12%        N/A       21%         1
 Freeze                   Ice            12%        1d4       28%         1
 Slow                     Hex            12%        N/A       28%         1
 Wereblood                Tmut           6%         N/A       30%         2
 Dazzling Flash           Conj/Hex       16%        N/A       43%         3
 Spider Form              Tmut/Pois      4%         N/A       56%         3
 Confusing Touch          Hex            3%         N/A       63%         3
 Frozen Ramparts          Ice            6%         1d1       63%         3
 Tukima's Dance           Hex            3%         N/A       63%         3
 Vampiric Draining        Necr           3%         2d6       63%         3
 Petrify                  Tmut/Erth      12%        N/A       71%         4
 Hailstorm                Conj/Ice       8%         3d4       85%         4
 Passage of Golubria      Tloc           3%         N/A       95%         4
 Agony                    Necr           3%         N/A       100%        5
 Silence                  Hex/Air        1%         N/A       100%        5
 Yara's Violent Unravell  Hex/Tmut       2%         3d3       100%        5


Dungeon Overview and Level Annotations

Branches:
Dungeon (5/15) Zot: 25906  Temple (0/1) D:5

Altars:
Gozag
Qazlal
Xom

Shops:
D:5 *


Innate Abilities, Weirdness & Mutations

Your demonic aura sometimes causes spilled blood to erupt in flames.
You regenerate magic rapidly.
Your movements are slightly less encumbered by armour. (ER -2)
Your touch may inflict minor irresistible damage on your foes.


Message History

Confirm with . or Enter, or press ? or * to list all spells.
Aiming: Sandblast (safe; 5% risk of failure)
Press: ? - help, Shift-Dir - straight line, f/p - water moccasin
Aim: a water moccasin (almost dead, 70% to hit)
The blast of sand hits the water moccasin!
You kill the water moccasin!
You feel sick.
Your Fighting skill increases to level 3!
Your Shields skill increases to level 2!
Your Earth Magic skill increases to level 4!
You have reached level 7!
Your demonic ancestry asserts itself...
Your magic begins to regenerate rapidly.
You feel sick.
You feel sick.
You feel sick.
You feel sick.
You feel sick.
You are no longer poisoned.
There is a stone staircase leading up here.
You climb upwards.
There is a stone staircase leading down here.
(D) Dungeon (T) Temple
Where to? (Enter - D:5 @ (x,y), ? - help)
What level of the Dungeon? (default 1, ? - help) Magic restored.
There is a stone staircase leading up here.
You climb upwards.
There is a stone staircase leading down here.
There is a stone staircase leading up here.
You climb upwards.
There is a stone staircase leading down here.
Things that are here:
a +0 club; a +0 sling
There is a stone staircase leading up here.
You climb upwards.
There is a stone staircase leading down here.
There is a staircase leading out of the dungeon here.
Are you sure you want to leave the Dungeon?
This will make you lose the game!
You have escaped!

#..............## #.(#
#.............## #...
#.............#####...
#...............##....
##....8.......#..#.....
#..........####........
#............##........
#.....8.........(......
##....@.....#..........
#.8..§§§8..##.........
#...≈§§§...##..(......
###≈§≈§≈##.#..........
#§≈≈≈≈########......
#≈≈>≈§# #...... #######
##.#### #.#### #...##


There were no monsters in sight!

Vanquished Creatures
  Grinder (D:5)
  A water moccasin (D:5)
  A jelly (D:4)
  Jessica (D:3)
  Terence (D:3)
  3 gnolls (D:2)
  8 adders
  An ufetubus (D:4)
  A dart slug (D:1)
  2 worms (D:4)
  6 orcs
  6 bats
  4 endoplasms (D:1)
  12 giant cockroaches
  5 goblins
  11 hobgoblins
  6 kobolds
  5 quokkas
  4 ball pythons
  6 frilled lizards
  10 rats
95 creatures vanquished.

Notes
Turn   | Place    | Note
-------+----------+-------------------------------------------
     0 | D:1      | protoss039 the Demonspawn Earth Elementalist began the
                  | quest for the Orb.
     0 | D:1      | Reached XP level 1. HP: 13/13 MP: 3/3
   155 | D:1      | Gained mutation: Your demonic aura sometimes causes spilled
                  | blood to erupt in flames. [demonic ancestry]
   155 | D:1      | Reached XP level 2. HP: 20/20 MP: 5/5
   256 | D:1      | Reached skill level 1 in Fighting
   298 | D:1      | Found a faded altar of an unknown god.
   379 | D:1      | Reached skill level 3 in Earth Magic
   658 | D:1      | Gained mutation: Your touch may inflict minor irresistible
                  | damage on your foes. [demonic ancestry]
   658 | D:1      | Reached XP level 3. HP: 26/26 MP: 4/6
   806 | D:1      | Learned a level 2 spell: Passwall
   810 | D:1      | Learned a level 3 spell: Stone Arrow
  1185 | D:2      | Gained mutation: Your movements are slightly less
                  | encumbered by armour. (ER -2) [demonic ancestry]
  1185 | D:2      | Reached XP level 4. HP: 25/33 MP: 8/8
  1338 | D:2      | Reached skill level 1 in Conjurations
  1959 | D:3      | Reached skill level 1 in Shields
  1974 | D:3      | Noticed Terence
  1991 | D:3      | Killed Terence
  1992 | D:3      | Reached XP level 5. HP: 21/38 MP: 9/9
  2317 | D:3      | Noticed Jessica
  2325 | D:3      | Killed Jessica
  2326 | D:3      | Reached skill level 1 in Armour
  2755 | D:3      | Found an opulent altar of Gozag.
  2835 | D:3      | Found a shimmering altar of Xom.
  3153 | D:4      | Reached XP level 6. HP: 20/46 MP: 8/10
  3511 | D:4      | Found a stormy altar of Qazlal.
  3727 | D:5      | Entered Level 5 of the Dungeon
  3775 | D:5      | Found a staircase to the Ecumenical Temple.
  3842 | D:5      | Noticed Grinder
  3859 | D:5      | Killed Grinder
  3954 | D:5      | Found Wademouff's Serpentskin Sales.
  3954 | D:5      | Noticed a water moccasin
  3960 | D:5      | Killed a water moccasin
  3961 | D:5      | Reached skill level 4 in Earth Magic
  3961 | D:5      | Gained mutation: You regenerate magic rapidly. [demonic
                  | ancestry]
  3961 | D:5      | Reached XP level 7. HP: 28/52 MP: 6/12
  4031 | D:$      | Got out of the dungeon alive.

Illustrated notes

Levels and vault maps discovered:
D:1:      grunt_arrival_lava_bath, layout_rooms,
          ebering_ecumenical_altar_petrified, st_stairs_13
D:2:      minmay_roachtagon, layout_loops_ring, st_stairs_7,
          kennysheep_generic_room_13
D:3:      layout_loops_ring, nicolae_gozag_cash_rules_everything_around_me,
          old_standard_altar, minmay_misc_feat_square, minmay_misc_feat_roman,
          uniq_jessica, uniq_terence
D:4:      layout_cave_pools, grunt_qazlal_clouds
D:5:      corexii_shantytown, layout_basic, minmay_temple_entry_purple_smoke,
          guppyfry_shop_venom, uniq_grinder

Skill      XL: |  1  2  3  4  5  6 |
---------------+-------------------+-----
Fighting       | 1 2 3 |  3.0
Earth Magic    | 3 4 |  4.0
Conjurations   | 1 2 |  2.5
Shields        | 1 2 |  2.1
Spellcasting   | 3 |  3.5
Armour         | 1 2 |  2.7
Dodging        | |  1.7
Stealth        | |  1.7
Transmutations | |  0.8

Action                   |  1- 3 |  4- 6 |  7- 9 || total
-------------------------+-------+-------+-------++-------
Melee: Dagger            |    90 |     6 |       ||    96
       Punch             |     1 |       |       ||     1
       Whip              |       |    89 |       ||    89
 Cast: Sandblast         |    41 |    56 |       ||    97
  Use: Scroll            |       |     5 |       ||     5
 Stab: Sleeping          |     1 |     1 |       ||     2
Armor: Robe              |    40 |     4 |       ||    44
       Ring mail         |       |    29 |       ||    29
Dodge: Dodged            |    64 |    53 |       ||   117
Block: Buckler           |    12 |    23 |       ||    35
